 Dungeon Crawl Stone Soup version 0.30.1-11-g7821555f0a (webtiles) character file.

Game seed: 10356075814540407699

88 Zeor the Magician (level 4, -6/33 HPs)
             Began as a Djinni Warper on Nov 13, 2023.
             Mangled by a gnoll
             ... wielding a +0 flail
              (11 damage)
             ... on level 2 of the Dungeon.
             The game lasted 00:06:03 (1792 turns).

Zeor the Magician (Djinni Warper)                   Turns: 1792, Time: 00:06:03

Health: -6/33      AC:  3    Str:  9    XL:     4   Next: 81%
Gold:   100        EV: 12    Int: 15    God:
                   SH:  0    Dex: 17

rFire   + + .        a - +0 falchion
rCold   x . .        (no shield)
rNeg    . . .        b - +0 leather armour
rPois   ∞            (no helmet)
rElec   .            (no cloak)
rCorr   .            (no gloves)
SInv    .            (boots unavailable)
Will    .....        (no amulet)
Stlth   +            (no ring)
HPRegen 0.25/turn    (no ring)
MPRegen 0.00/turn

%: infuse magic (-7 HP)
@: flying
A: sickness immunity, fire resistance 2, cold vulnerability 1, float, innate
caster, HP casting, extra vitality 1, agile 1, screaming 1, subdued magic 1
a: no special abilities


You were on level 2 of the Dungeon.
You visited 1 branch of the dungeon, and saw 2 of its levels.

You collected 100 gold pieces.

Inventory:

Hand Weapons
 a - a +0 falchion (weapon)
Missiles
 d - 5 boomerangs of dispersal (quivered)
 h - 2 boomerangs
Armour
 b - a +0 leather armour (worn)
Scrolls
 c - a scroll of blinking
 f - a scroll of brand weapon {unknown}
 i - a scroll of vulnerability
 k - a scroll of amnesia {unknown}
 l - a scroll of teleportation {unknown}
Potions
 e - 4 potions of lignification
 g - a potion of resistance
 j - a potion of might {unknown}
 m - a potion of brilliance {unknown}
 n - a potion of heal wounds {unknown}


   Skills:
 + Level 2.3 Fighting
 * Level 2.7 Long Blades
 + Level 0.7 Throwing
 * Level 1.9 Armour
 + Level 2.3 Dodging
 * Level 3.1 Spellcasting


You knew the following spells:

 Your Spells              Type           Power      Damage    Failure   Level
b - Blink                 Tloc           16%        N/A       10%         2
c - Vhi's Electric Charg  Tloc/Air       16%        N/A       19%         3
l - Lesser Beckoning      Tloc           16%        N/A       10%         2
m - Manifold Assault      Tloc           8%         N/A       54%         4
o - Teleport Other        Tloc           8%         N/A       19%         3
s - Summon Small Mammal   Summ           32%        N/A       6%          1
Your spell library was empty.

Dungeon Overview and Level Annotations

Branches:
Dungeon (2/15)

Altars:
Cheibriados


Innate Abilities, Weirdness & Mutations

You are immune to sickness and miasma.
You are immune to poison.
Your flesh is very heat resistant. (rF++)
You are vulnerable to cold. (rC-)
You float through the air rather than walking.
You learn spells naturally, not from books.
Your magical power is your life essence.
You have superior vitality. (+4 MHP)
You are agile. (Dex +4, Str/Int -1)
You occasionally shout uncontrollably at your foes.
Your spells are a little easier to cast, but a little less powerful.


Message History

You hit the gnoll.
The gnoll is almost dead.
The ball python closely misses you. The ball python grabs you.
The ball python constricts you. The gnoll closely misses you.
You hit the gnoll.
You kill the gnoll!
The ball python completely misses you. The ball python constricts you.
The ball python barely misses you. The ball python constricts you.
You cannot move.
You barely miss the ball python.
You are no longer locked in place.
The ball python misses you. The ball python constricts you.
You closely miss the ball python. The ball python barely misses you.
The ball python constricts you.
You barely miss the ball python. The ball python closely misses you.
The ball python constricts you.
The ball python bites you but does no damage.
The ball python constricts you.
You slash the ball python!
You kill the ball python!
You hit the gnoll.
The gnoll is severely wounded.
The gnoll hits you with a +0 flail.
* * * LOW HITPOINT WARNING * * *
Your magical contamination has completely faded away.
You barely miss the gnoll.
The gnoll is severely wounded.
The gnoll hits you with a +0 flail.
* * * LOW HITPOINT WARNING * * *
You closely miss the gnoll.
The gnoll is severely wounded.
The gnoll barely misses you.
You barely miss the gnoll.
The gnoll is severely wounded.
The gnoll hits you with a +0 flail.
* * * LOW HITPOINT WARNING * * *
You hit the gnoll.
The gnoll is almost dead.
The gnoll hits you with a +0 flail!
You die...

▒∙∙∙∙∙∙▒▒ ▒∙▒
▒∙∙∙∙∙∙∙▒ ▒∙▒
▒∙∙∙∙∙∙∙▒▒▒†▒
▒)∙∙∙∙∙∙∙)∙∙▒
▒∙∙∙∙∙∙▒▒▒▒▒▒
▒∙∙∙∙∙∙▒▒▒▒
▒∙∙∙∙∙∙÷∙∙▒▒
▒∙∙∙∙∙∙▒∙∙∙▒
▒R)∙∙∙∙▒∙∙∙▒
▒g▒▒▒▒▒▒∙∙∙▒
▒∙∙∙∙∙∙∙∙▒∙∙∙▒▒▒▒▒
▒∙∙!∙∙∙∙∙▒∙∙∙∙∙∙∙▒
▒∙∙∙∙∙∙∙∙▒∙∙∙∙∙∙∙▒
∙∙∙∙∙∙∙∙∙▒∙∙∙∙∙∙∙▒▒▒
▒▒▒∙∙∙∙∙∙∙▒▒∙▒▒▒▒▒∙∙∙
▒∙∙∙∙∙∙∙▒▒†▒ ▒∙∙∙
∙∙∙∙∙g∙∙▒▒∙▒ ▒∙∙∙


You could see a gnoll.

Vanquished Creatures
  2 gnolls (D:2)
  An adder (D:2)
  A dart slug (D:2)
  4 ball pythons
  3 bats (D:1)
  6 endoplasms
  3 giant cockroaches
  7 goblins
  3 hobgoblins
  7 jackals
  A kobold (D:2)
  A quokka (D:1)
  4 frilled lizards
  6 rats
49 creatures vanquished.

Vanquished Creatures (collateral kills)
  A bat (D:1)
1 creature vanquished.

Grand Total: 50 creatures vanquished

Notes
Turn   | Place    | Note
-------+----------+-------------------------------------------
     0 | D:1      | Zeor the Djinni Warper began the quest for the Orb.
     0 | D:1      | Zeor set off with the following spells memorised: Blink,
                  | Lesser Beckoning, Vhi's Electric Charge, Teleport Other,
                  | Manifold Assault.
     0 | D:1      | Reached XP level 1. HP: 18/18 MP: 0/0
   123 | D:1      | Reached XP level 2. HP: 20/23 MP: 0/0
   271 | D:1      | Reached XP level 3. HP: 28/28 MP: 0/0
   271 | D:1      | Learned a level 1 spell: Summon Small Mammal
   959 | D:1      | Found a snail-covered altar of Cheibriados.
  1219 | D:2      | Reached XP level 4. HP: 27/33 MP: 0/0
  1510 | D:2      | Reached skill level 3 in Spellcasting
  1551 | D:2      | Gained mutation: You occasionally shout uncontrollably at
                  | your foes. [potion of mutation]
  1551 | D:2      | Gained mutation: You have hidden genetic potential. [potion
                  | of mutation]
  1551 | D:2      | Gained mutation: Your spells are a little easier to cast,
                  | but a little less powerful. [potion of mutation]
  1551 | D:2      | Gained mutation: You are robust. (+10% HP) [potion of
                  | mutation]
  1557 | D:2      | Lost mutation: You have hidden genetic potential. [potion
                  | of mutation]
  1557 | D:2      | Lost mutation: You are robust. (+10% HP) [potion of
                  | mutation]
  1557 | D:2      | Gained mutation: You are agile. (Dex +4, Str/Int -1)
                  | [potion of mutation]
  1792 | D:2      | Mangled by a gnoll

Illustrated notes

Levels and vault maps discovered:
D:1:      dpeg_arrival_water_altar, layout_basic, minmay_hexomino_f4
D:2:      layout_basic

Skill      XL: |  1  2  3  4 |
---------------+-------------+-----
Long Blades    | 2 |  2.7
Spellcasting   | 3 |  3.1
Fighting       | |  2.3
Throwing       | |  0.7
Armour         | |  1.9
Dodging        | |  2.3

Action                     |  1- 3 |  4- 6 || total
---------------------------+-------+-------++-------
  Melee: Falchion          |    98 |    54 ||   152
         Punch             |     1 |       ||     1
  Throw: Boomerang         |       |     2 ||     2
   Cast: Blink             |     1 |     1 ||     2
         Summon Small Mamm |     1 |       ||     1
         Manifold Assault  |       |     3 ||     3
         Vhi's Electric Ch |       |     3 ||     3
    Use: Scroll            |     3 |       ||     3
         Potion            |       |     2 ||     2
   Stab: Sleeping          |     1 |       ||     1
 Armour: Leather armour    |    31 |     8 ||    39
  Dodge: Dodged            |    58 |    38 ||    96
